 Dungeon Crawl Stone Soup version 0.22-a0-266-g5fdf0d7d63 (webtiles) character file.

18 Manul the Ducker (level 2, 0/16 HPs)
             Began as a Spriggan Abyssal Knight on Mar 8, 2018.
             Was a Follower of Lugonu.
             Slain by a hobgoblin
             ... wielding a +0 club
              (3 damage)
             ... on level 1 of the Dungeon.
             The game lasted 00:01:08 (613 turns).

Manul the Ducker (Spriggan Abyssal Knight)           Turns: 613, Time: 00:01:09

Health: 0/16       AC:  6    Str:  8    XL:     2   Next: 48%
Magic:  4/4        EV: 19    Int: 13    God:    Lugonu [*.....]
Gold:   14         SH:  0    Dex: 15    Spells: 1/1 levels left

rFire    . . .     SeeInvis +   a - +1 short sword
rCold    . . .     Gourm    .   (shield restricted)
rNeg     . . .     Faith    .   b - +0 robe
rPois    .         Spirit   .   (helmet restricted)
rElec    .         Reflect  .   (no cloak)
rCorr    .         Harm     .   (gloves unavailable)
MR       .....                  (boots unavailable)
Stlth    ++........             (no amulet)
HPRegen  0.05/turn              d - +4 ring of protection
MPRegen  0.09/turn              h - ring of flight

@: very quick
A: very small, unfitting armour, see invisible, herbivore, speed 3, slow
metabolism 2
a: Depart the Abyss, Renounce Religion, Evoke Flight


You were on level 1 of the Dungeon.
You worshipped Lugonu.
Lugonu was aware of your devotion.
You were not hungry.

You visited 1 branch of the dungeon, and saw 1 of its levels.
You visited the Abyss 1 time.

You collected 14 gold pieces.

Inventory:

Hand Weapons
 a - a +1 short sword (weapon)
Armour
 b - a +0 robe (worn)
Jewellery
 d - a +4 ring of protection (left hand)
 h - a ring of flight (right hand)
Scrolls
 e - a scroll of identify {unknown}
 f - 2 scrolls of remove curse
 g - a scroll of enchant armour {unknown}
 i - a scroll of immolation {unknown}
Comestibles
 c - a ration


   Skills:
 + Level 2.8 Fighting
 + Level 2.4 Short Blades
 + Level 3.7 Dodging
 * Level 0.5 Stealth
 + Level 2.0 Invocations


You had one spell level left.
You didn't know any spells.

Dungeon Overview and Level Annotations

Branches:
Dungeon (1/15)

Altars:


Innate Abilities, Weirdness & Mutations

You are very small and have problems with some larger weapons.
You are too small for most types of armour.
You have supernaturally acute eyesight. (SInv)
You are a herbivore.
You cover ground extremely quickly.
You need to consume almost no food.


Message History

You closely miss the bat. The bat closely misses you.
The bat hits you but does no damage.
You hit the bat.
You kill the bat!
Lugonu accepts your kill.
You barely miss the leopard gecko.
The leopard gecko completely misses you.
You closely miss the leopard gecko. The leopard gecko closely misses you.
You barely miss the leopard gecko.
The leopard gecko completely misses you.
The leopard gecko misses you.
You hit the leopard gecko.
You kill the leopard gecko!
Lugonu accepts your kill.
Your Invocations skill increases to level 2!
You hit the hobgoblin but do no damage. The hobgoblin hits you with a club.
You barely miss the hobgoblin. The hobgoblin hits you with a club.
* * * LOW HITPOINT WARNING * * *
You hit the hobgoblin but do no damage. The hobgoblin hits you with a club.
You die...

#.. ##...##..#
#..##))†......
#..##.# #....##
###...# #g#...#
#r##### #g# #@# #.#
.# ########.# #.#
.........#####.####
#
#######..........)##
### ##.#####.....
##.. ##.#####..#.#
#...
#.........#.####...
#..####........#...


You could see 2 hobgoblins and a rat.

Vanquished Creatures
  A dart slug (D:1)
  2 leopard geckos (D:1)
  4 bats (D:1)
  A hobgoblin (D:1)
  3 jackals (D:1)
  2 kobolds (D:1)
  A rat (D:1)
14 creatures vanquished.

Notes
Turn   | Place    | Note
-------+----------+-------------------------------------------
     0 | Abyss:1  | Manul the Spriggan Abyssal Knight began the quest for the Orb.
     0 | Abyss:1  | Reached XP level 1. HP: 11/11 MP: 3/3
   105 | Abyss:1  | Noticed a starcursed mass
   108 | D:1      | Escaped the Abyss
   541 | D:1      | Reached * piety under Lugonu
   541 | D:1      | Reached XP level 2. HP: 16/16 MP: 4/4
   613 | D:1      | Slain by a hobgoblin

Vault maps used:
D:1:      dpeg_arrival_three_same_balls, minmay_hexomino_u4

Skill      XL: |  1  2 |
---------------+-------+-----
Invocations    | 2 |  2.0
Fighting       | |  2.8
Short Blades   | |  2.4
Dodging        | |  3.7
Stealth        | |  0.5

Action                   || total
-------------------------++-------
Melee: Short sword       ||    48
Invok: Depart the Abyss  ||     1
  Use: Scroll            ||     1
 Stab: Sleeping          ||     1
Armor: Robe              ||    14
Dodge: Dodged            ||    64

Table legend:
 A = Spawn XP
 B = Non-spawn XP
 C = Spawn XP percentage of total XP
 D = Spawn monster count
 E = Non-spawn monster count
 F = Spawn count percentage of total count
 G = Total turns spent on level
                    A         B        C        D         E        F      G
               +---------+---------+-------+---------+---------+-------+---------
         Total |       0 |      26 |   0.0 |       0 |      14 |   0.0 |   613
               +---------+---------+-------+---------+---------+-------+---------
           D:1 |       0 |      26 |   0.0 |       0 |      14 |   0.0 |   505
               +---------+---------+-------+---------+---------+-------+---------
